 Dungeon Crawl Stone Soup version 0.30-a0-672-gc3a7216ad8 (webtiles) character file.

Game seed: 13835673473359850007

81372 Dittersdorf the Warrior (level 15, -1/104 HPs)
             Began as a Gargoyle Fighter on Jan 18, 2023.
             Was a High Priest of Okawaru.
             Slain by a two-headed ogre
             ... wielding a +0 giant club
              (3 damage)
             ... on level 1 of the Orcish Mines.
             The game lasted 00:31:21 (19083 turns).

Dittersdorf the Warrior (Gargoyle Fighter)         Turns: 19083, Time: 00:31:22

Health: -1/104     AC: 50    Str: 27    XL:     15   Next: 70%
Magic:  15/15      EV: 11    Int:  9    God:    Okawaru [*****.]
Gold:   1161       SH:  7    Dex:  9    Spells: 14/14 levels left

rFire   . . .      SeeInvis .    d - +9 eveningstar (freeze)
rCold   . . .      Faith    .    c - +0 buckler
rNeg    + . .      Spirit   .    C - +0 crystal plate armour
rPois   ∞          Reflect  .    i - +0 helmet
rElec   +          Harm     .    f - +2 cloak {rPois}
rCorr   .          Rampage  .    h - +1 pair of gloves
Will    +....                    B - +2 pair of boots Stlth
                                 z - amulet of the acrobat
HPRegen 0.37/turn                b - +5 ring of evasion
MPRegen 0.14/turn                v - +4 ring of protection

@: flying
A: sickness immunity, AC +11, big wings, negative energy resistance 1,
electricity resistance, torment resistance 1, petrification resistance
a: Renounce Religion, Heroism, Finesse, Duel


You were on level 1 of the Orcish Mines.
You worshipped Okawaru.
Okawaru was extremely pleased with you.
You visited 4 branches of the dungeon, and saw 18 of its levels.
You also visited: Sewer and Bailey.

You collected 1401 gold pieces.
You spent 240 gold pieces at shops.

Inventory:

Hand Weapons
 d - a +9 eveningstar of freezing (weapon)
 F - the +5 eveningstar of Gallantry {spect, Fragile Str+2 Dex+3}
   (Okawaru gifted it to you on level 5 of the Lair of Beasts)

   Str:       It affects your strength (+2).
   Dex:       It affects your dexterity (+3).
   Fragile:   It will be destroyed if unequipped.
Missiles
 q - 8 curare-tipped darts (quivered)
 K - 2 throwing nets
Armour
 c - a +0 buckler (worn)
 f - a +2 cloak of poison resistance (worn)
 h - a +1 pair of gloves (worn)
 i - a +0 helmet (worn)
 B - a +2 pair of boots (worn)
 C - a +0 crystal plate armour (worn)
Jewellery
 b - a +5 ring of evasion (left hand)
 v - a +4 ring of protection (right hand)
 z - an amulet of the acrobat (around neck)
 A - a +6 ring of strength
 L - a ring of protection from cold
Wands
 m - a wand of flame (41)
 w - a wand of acid (4)
 x - a wand of roots (12)
 y - a wand of digging (10)
Scrolls
 a - 5 scrolls of enchant armour
 e - a scroll of fear
 j - 4 scrolls of enchant weapon
 n - 2 scrolls of brand weapon
 o - 3 scrolls of poison
 p - a scroll of amnesia {unknown}
 r - 5 scrolls of teleportation
 t - 9 scrolls of blinking
 J - a scroll of silence
 M - a scroll of fog {unknown}
Potions
 g - 3 potions of resistance
 k - 3 potions of heal wounds
 l - 3 potions of cancellation
 s - a potion of might
 u - 2 potions of haste
 D - a potion of curing
 E - 3 potions of magic {unknown}
 G - 4 potions of brilliance {unknown}
 H - a potion of flight {unknown}
 I - a potion of mutation


   Skills:
 + Level 16.1 Fighting
 + Level 13.2 Maces & Flails
 + Level 14.5 Armour
 + Level 14.5 Shields


You had 14 spell levels left.
You didn't know any spells.
Your spell library contained the following spells:

 Spells                   Type           Power      Damage    Failure   Level
 Ensorcelled Hibernation  Hex/Ice        0%         N/A       100%        2
 Scorch                   Fire           0%         2d5       100%        2
 Wereblood                Tmut           0%         N/A       100%        2
 Ignite Poison            Fire/Tmut/Pois 0%         N/A       100%        3
 Inner Flame              Hex/Fire       0%         N/A       100%        3
 Kindle Blastsparks       Fire/Tloc/Air  0%         2d10      100%        3
 Ozocubu's Armour         Ice            0%         N/A       100%        3
 Spider Form              Tmut/Pois      0%         N/A       100%        3
 Anguish                  Hex/Necr       0%         N/A       100%        4
 Flame Wave               Conj/Fire      0%         2d4       100%        4
 Petrify                  Tmut/Erth      0%         N/A       100%        4
 Sticky Flame             Conj/Fire      0%         2d3       100%        4
 Freezing Cloud           Conj/Ice/Air   0%         6-21      100%        5
 Irradiate                Conj/Tmut      0%         3d11      100%        5
 Metabolic Englaciation   Hex/Ice        0%         N/A       100%        5
 Eringya's Noxious Bog    Tmut/Pois      0%         N/A       100%        6
 Ozocubu's Refrigeration  Ice            0%         4d7       100%        7
 Sublimation of Blood     Necr           Unusable   N/A       N/A         2
 Summon Forest            Summ/Tloc      Unusable   N/A       N/A         5
 Simulacrum               Ice/Necr       Unusable   N/A       N/A         6
 Summon Cactus Giant      Summ           Unusable   N/A       N/A         6
 Summon Hydra             Summ           Unusable   N/A       N/A         7

Dungeon Overview and Level Annotations

Branches:
Dungeon (10/15)            Temple (1/1) D:7            Lair (5/5) D:10
 Shoals (0/4) Lair:3       Spider (0/4) Lair:2        Slime (0/5) Lair:4
    Orc (2/2) D:10          Sewer (visited)          Bailey (visited)
    Elf: Orc:2

Altars:
Ashenzari
Cheibriados
Dithmenos
Elyvilon
Fedhas
Hepliaklqana
Kikubaaqudgha
Makhleb
Nemelex Xobeh
Okawaru
Qazlal
Ru
Sif Muna
Trog
Uskayaw
Vehumet
Wu Jian
Xom
Zin
The Shining One
Jiyva
Lugonu

Shops:
D:5 *   D:9 =   Orc:1 (

Portals:
Abyss: Lair:4


Innate Abilities, Weirdness & Mutations

You are immune to sickness and miasma.
Your stone body is resilient. (AC +11)
You are immune to poison.
Your large and strong wings let you fly.
You resist negative energy. (rN+)
You are resistant to electric shocks. (rElec)
You are resistant to unholy torment.
You are immune to petrification.


Message History

You bludgeon the ogre!! You freeze the ogre.
The ogre is almost dead.
The ogre barely misses you.
You spit the ogre like a pig!!! You freeze the ogre.
You kill the ogre!
Okawaru accepts your kill.
You fly downwards.
You feel a wave of frost pass over you.
There is an entrance to an ice cave on this level.
Hurry and find it before the portal melts!
The two-headed ogre misses you. x2; You block the ogre's attack.
The ogre hits you with a +0 giant spiked club.
* * * LOW HITPOINT WARNING * * *
An ogre mage comes into view. It is wielding a +0 flail.
A two-headed ogre comes into view.
It is wielding a +0 dire flail and a +0 giant club.
There is a stone staircase leading up here.
You see here the +7 demon whip of the Dove {drain, *Corrode Fly rElec rF+++}.
You feel like a meek peon again.
The ogre mage shouts!
The two-headed ogre shouts in stereo!
You hear a shout!
The two-headed ogre closely misses you. The two-headed ogre barely misses you.
The ogre closely misses you. You block the ogre's attack.
You fly upwards.
There is a stone staircase leading down, spattered with blood here.
Items here: )))) [ ††.
You impale the ogre!! You freeze the ogre.
The ogre is almost dead.
You bludgeon the ogre!! You freeze the ogre.
You kill the ogre!
Okawaru accepts your kill. The ogre hits you but does no damage.
You barely miss the ogre.
The two-headed ogre hits you with a +0 giant club!
* * * LOW HITPOINT WARNING * * *
You block the two-headed ogre's attack. The ogre hits you with a +0 giant club.
* * * LOW HITPOINT WARNING * * *
You thump the two-headed ogre! You freeze the two-headed ogre.
The two-headed ogre is moderately wounded.
The two-headed ogre hits you with a +0 giant club!
* * * LOW HITPOINT WARNING * * *
The two-headed ogre hits you with a +0 giant club.
You die...

###.....#.#.#.#.......##
#......#[....#........#
###.....##)...'........##
###.....#.#.....'.........##
##.........##....'....##....##
#....##.#..#.....#.....#.....#
##...#.....#.#.#.#.....##...##
##.#......#######....##.####
##.........)O@O).........#
#...........###[.....##.##
##..........'∩#.......###
##....##...###...#...#
##...#........##....#
##.###.#..........##
##.######.........#
#...###..........##
##.###......##.###


You could see a two-headed ogre and an ogre.

Vanquished Creatures
  Rupert (Lair:3)
  Gastronok (Lair:2)
  A fire dragon (Lair:5)
  The ghost of Dittersdorf the Fighter, a journeyman GrFi of Okawaru (Orc:1)
  Fannar (Lair:1)
  3 hydras
  8 two-headed ogres
  A catoblepas (Lair:3)
  A boulder beetle (Lair:3)
  An orc high priest (Orc:1)
  Urug (Lair:1)
  Nergalle (Lair:1)
  The ghost of Darkkill the Skirmisher, a novice MiHu of Gozag (D:9)
  2 orc knights (Bailey)
  A wolf spider (Lair:5)
  3 lindwurms (Lair:5)
  7 elephants
  10 black mambas
  9 torpor snails
  A guardian serpent (Lair:5)
  Joseph (Lair:1)
  7 komodo dragons
  19 cane toads
  A rime drake (Lair:3)
  3 tyrant leeches (Lair:5)
  2 polar bears (Lair:4)
  10 hornets (Lair:5)
  9 blink frogs
  A snapping turtle (Lair:3)
  2 spectral orcs (Orc:1)
  A shadow (D:10)
  17 wyverns
  A vampire (D:5)
  A wraith (D:9)
  40 yaks
  2 steam dragons
  2 basilisks
  2 redbacks (Lair:5)
  A warg (D:10)
  17 water moccasins
  16 orc warriors
  4 black bears
  Pargi (Sewer)
  3 ice beasts
  13 ogres
  12 wolves
  4 centaurs
  2 necrophages
  4 kobold brigands
  19 bullfrogs
  A gnoll sergeant (D:10)
  2 scorpions (D:6)
  10 wights
  9 killer bees (D:9)
  A spectral ogre (Orc:1)
  An orc simulacrum (Orc:1)
  3 howler monkeys
  2 electric eels (Lair:3)
  A gnoll bouda (D:10)
  5 hounds
  2 jellies
  6 orc priests
  Ijyb (D:4)
  A warg simulacrum (Orc:1)
  7 iguanas
  15 orc wizards
  A yak simulacrum (Lair:3)
  3 polar bear simulacra (Lair:3)
  4 wolf simulacra (Lair:3)
  Robin (D:4)
  6 adders
  10 gnolls
  2 river rats (D:5)
  An ogre simulacrum (Orc:1)
  A shadow imp (D:7)
  A white imp (D:7)
  An ufetubus (D:6)
  3 dart slugs
  58 orcs
  6 ball pythons
  5 bats
  7 endoplasms
  3 giant cockroaches
  20 goblins
  4 hobgoblins
  A jackal (Sewer)
  22 kobolds
  2 quokkas
  6 frilled lizards
  5 rats
  3 river rat simulacra (Lair:3)
515 creatures vanquished.

Vanquished Creatures (others)
  A necromancer (Lair:3)
  5 dream sheep (D:8)
  A spectral orc (Orc:1)
  26 fungi
  A lurking horror (Lair:4)
  91 plants
125 creatures vanquished.

Grand Total: 640 creatures vanquished

Notes
Turn   | Place    | Note
-------+----------+-------------------------------------------
     0 | D:1      | Dittersdorf the Gargoyle Fighter began the quest for the
                  | Orb.
     0 | D:1      | Reached XP level 1. HP: 14/14 MP: 1/1
   156 | D:1      | Reached XP level 2. HP: 18/19 MP: 2/2
   844 | D:2      | Reached XP level 3. HP: 24/24 MP: 3/3
  1178 | D:2      | Reached XP level 4. HP: 29/29 MP: 4/4
  1547 | D:3      | Reached skill level 4 in Fighting
  2179 | D:4      | You fall into a shaft and drop 3 floors!
  2180 | D:7      | yay!
  2187 | D:7      | Noticed an orc warrior
  2221 | D:6      | Noticed a scorpion
  2236 | D:6      | Killed a scorpion
  2237 | D:6      | Reached XP level 5. HP: 23/33 MP: 5/5
  2419 | D:6      | Reached XP level 6. HP: 21/39 MP: 6/6
  2552 | D:6      | Reached skill level 5 in Fighting
  2552 | D:6      | Reached skill level 5 in Armour
  2552 | D:6      | Reached skill level 5 in Shields
  2557 | D:6      | Reached XP level 7. HP: 36/44 MP: 7/7
  2608 | D:5      | Entered Level 5 of the Dungeon
  2704 | D:5      | Found Uzarojacw's General Store.
  2724 | D:5      | Found a glowing drain.
  2747 | Sewer    | Entered a sewer
  2807 | Sewer    | Noticed Pargi
  2824 | Sewer    | Killed Pargi
  3103 | D:4      | Reached XP level 8. HP: 51/51 MP: 8/8
  3220 | D:4      | Reached skill level 6 in Fighting
  3281 | D:4      | Noticed Ijyb
  3303 | D:4      | Killed Ijyb
  3306 | D:4      | Found a hazy altar of Hepliaklqana.
  3308 | D:4      | Found a snail-covered altar of Cheibriados.
  3805 | D:4      | Noticed Robin
  3817 | D:4      | Killed Robin
  3818 | D:4      | Reached skill level 5 in Maces & Flails
  4255 | D:5      | Noticed a yak
  4255 | D:5      | Noticed a yak
  4255 | D:5      | Noticed a yak
  4265 | D:5      | Killed a yak
  4275 | D:5      | Killed a yak
  4288 | D:5      | Killed a yak
  4702 | D:5      | Reached XP level 9. HP: 40/56 MP: 9/9
  4883 | D:5      | Reached skill level 7 in Fighting
  5181 | D:5      | Found a sacrificial altar of Ru.
  5519 | D:5      | Bought a potion of heal wounds for 60 gold pieces
  5519 | D:5      | Bought a scroll of blinking for 90 gold pieces
  5519 | D:5      | Bought a scroll of blinking for 90 gold pieces
  5523 | D:6      | Found a sparkling altar of Nemelex Xobeh.
  5549 | D:6      | Found a shimmering blue altar of Sif Muna.
  6358 | D:7      | Found a staircase to the Ecumenical Temple.
  6377 | D:7      | Reached skill level 8 in Fighting
  6404 | Temple   | Entered the Ecumenical Temple
  6473 | Temple   | Became a worshipper of Warmaster Okawaru
  7339 | D:8      | Found a shimmering altar of Xom.
  7488 | D:8      | Reached XP level 10. HP: 56/65 MP: 10/10
  7501 | D:8      | Reached * piety under Okawaru
  8037 | D:8      | Noticed a two-headed ogre
  8050 | D:8      | Killed a two-headed ogre
  8050 | D:8      | Reached ** piety under Okawaru
  8051 | D:8      | Reached skill level 9 in Fighting
  8305 | D:9      | Found a flagged portal.
  8331 | Bailey   | Entered a bailey
  8855 | Bailey   | Noticed an orc knight
  8881 | Bailey   | Noticed an orc knight
  8883 | Bailey   | Killed an orc knight
  8908 | Bailey   | Killed an orc knight
  8909 | Bailey   | Reached XP level 11. HP: 62/72 MP: 8/11
  9396 | D:9      | Reached *** piety under Okawaru
  9473 | D:9      | Reached skill level 10 in Fighting
  9484 | D:9      | Reached skill level 10 in Armour
  9520 | D:9      | Reached skill level 10 in Shields
  9586 | D:9      | Noticed Darkkill's ghost (novice MiHu)
  9592 | D:9      | Noticed a two-headed ogre
  9637 | D:9      | Killed a two-headed ogre
  9707 | D:9      | Found Zuleib's Jewellery Shoppe.
  9856 | D:9      | Reached **** piety under Okawaru
 10006 | D:9      | Found a runed translucent door.
 10507 | D:9      | Received a gift from Okawaru
 10693 | D:9      | Killed Darkkill's ghost
 10892 | D:10     | Entered Level 10 of the Dungeon
 10995 | D:10     | Found a staircase to the Orcish Mines.
 11377 | D:10     | Reached skill level 11 in Fighting
 11377 | D:10     | Reached XP level 12. HP: 49/80 MP: 10/12
 11377 | D:10     | Found a staircase to the Lair.
 11749 | Lair:1   | Entered Level 1 of the Lair of Beasts
 11783 | Lair:1   | Noticed Urug
 11841 | Lair:1   | Killed Urug
 11842 | Lair:1   | Reached skill level 10 in Maces & Flails
 12028 | Lair:1   | You fall into a shaft and drop 1 floor!
 12091 | Lair:2   | Noticed an eight-headed hydra
 12092 | Lair:2   | Noticed Gastronok
 12125 | Lair:2   | Killed an eight-headed hydra
 12170 | Lair:2   | Killed Gastronok
 12302 | Lair:2   | Reached ***** piety under Okawaru
 12361 | Lair:2   | Reached skill level 12 in Fighting
 12457 | Lair:2   | Received a gift from Okawaru
 12542 | Lair:2   | Reached XP level 13. HP: 62/86 MP: 13/13
 12701 | Lair:2   | Found a hole to the Spider Nest.
 12837 | Lair:1   | Noticed Joseph
 12851 | Lair:1   | Killed Joseph
 12914 | Lair:1   | Noticed Nergalle
 12940 | Lair:1   | Killed Nergalle
 13242 | Lair:1   | Found a snail-covered altar of Cheibriados.
 13434 | Lair:1   | Noticed Fannar
 13458 | Lair:1   | Killed Fannar
 14383 | Lair:3   | Noticed Rupert
 14411 | Lair:3   | Killed Rupert
 14411 | Lair:3   | Received a gift from Okawaru
 14412 | Lair:3   | Reached skill level 13 in Fighting
 14983 | Lair:3   | Found a staircase to the Shoals.
 15492 | Lair:4   | Found a corrupted altar of Lugonu.
 15558 | Lair:4   | Found a one-way gate to the infinite horrors of the Abyss.
 15784 | Lair:4   | Found a viscous altar of Jiyva.
 15785 | Lair:4   | Found a staircase to the Slime Pits.
 16248 | Lair:5   | Entered Level 5 of the Lair of Beasts
 16467 | Lair:5   | Received a gift from Okawaru
 16646 | Lair:5   | Gained mutation: Your large and strong wings let you fly.
                  | [Gargoyle growth]
 16646 | Lair:5   | Reached XP level 14. HP: 94/94 MP: 14/14
 16649 | Lair:5   | Reached skill level 15 in Fighting
 16649 | Lair:5   | Reached XP level 15. HP: 103/103 MP: 15/15
 16973 | Lair:5   | Identified the +5 eveningstar of Gallantry {spect, Fragile
                  | Str+2 Dex+3} (Okawaru gifted it to you on level 5 of the
                  | Lair of Beasts)
 16973 | Lair:5   | Received a gift from Okawaru
 17317 | Lair:5   | Found a runed translucent door.
 18501 | Orc:1    | Entered Level 1 of the Orcish Mines
 18517 | Orc:1    | Found Cattel's Antique Weapon Shoppe.
 18678 | Orc:1    | Found a runed translucent gate.
 18685 | Orc:1    | Found a runed translucent gate.
 18760 | Orc:1    | Found a runed translucent gate.
 18788 | Orc:1    | Noticed Dittersdorf's ghost (journeyman GrFi)
 18818 | Orc:1    | Killed Dittersdorf's ghost
 18973 | Orc:2    | Entered Level 2 of the Orcish Mines
 18985 | Orc:2    | Identified the +7 demon whip of the Dove {drain, *Corrode
                  | Fly rElec rF+++} (Okawaru gifted it to you on level 2 of
                  | the Orcish Mines)
 18985 | Orc:2    | Received a gift from Okawaru
 19006 | Orc:2    | Found a bloodstained altar of Trog.
 19031 | Orc:1    | Reached skill level 16 in Fighting
 19083 | Orc:1    | HP: 2/104 [two-headed ogre/+0 giant club (14)]
 19083 | Orc:1    | Slain by a two-headed ogre

Illustrated notes

###
....#+####
.........#
.......@.#
.........#
.........#
#+#+#+####


Turn 2180 on D:7: yay!

Levels and vault maps discovered:
D:1:      ncdulo_lavacross, layout_loops_ring
D:2:      layout_rooms
D:3:      layout_basic, chequers_big_river
D:4:      layout_basic, grunt_temple_overflow_open, serial_bayou,
          serial_bayou_lagoon_b, serial_bayou_pond_d, serial_bayou_lagoon_a,
          serial_bayou_crossing, uniq_robin, uniq_ijyb
D:5:      layout_loops_cross, portal_sewer_entry_b,
          hangedman_decor_clover_reticule, grunt_ministairs_7,
          nicolae_take_the_stairs, kennysheep_diamond, amethyst_killhole
D:6:      kennysheep_six_static_rooms, layout_cave_pools,
          mainiacjoe_overflow_catch_the_wave
D:7:      layout_basic, minmay_temple_entry_statues_pillars,
          minmay_misc_feat_tower
D:8:      layout_rooms, kb_xom_exploding_sheep, serial_park_tiny_2,
          kennysheep_generic_room_14
D:9:      layout_basic, enter_bailey_5, hellmonk_ghost_happy_afterlife,
          serial_shops, shop
D:10:     layout_rooms, david_lair_generic, orc_0_dummy
Temple:   bh_familiar_temple
Lair:1:   layout_chaotic_city, kennysheep_snail_temple, grunt_megastairs_5,
          uniq_nergalle, uniq_joseph, uniq_urug, uniq_fannar
Lair:2:   layout_roguey, spider_nest_entry_web_field, gauntlet_entry_generic,
          infiniplex_staircase_pool, grunt_megastairs_4, uniq_gastronok
Lair:3:   layout_loops_ring, minmay_shoals_entry_hut, eino_house_with_fridge,
          uniq_rupert
Lair:4:   layout_regular_city, slime_entry_1, amcnicky_altar_lugonu_corruption
Lair:5:   hangedman_lair_tendril_chambers, layout_regular_city, wormcave,
          lemuel_fruit_tree, serial_bayou_shore_b
Orc:1:    layout_caves, gammafunk_ghost_necromancy, serial_shops, shop,
          nicolae_shop_window_shopping, uniq_jorgrun, uniq_harold
Orc:2:    st_orc_ogre_mass, layout_caves, portal_ice_cave_entry_imps,
          basic_altar

Skill      XL: |  1  2  3  4  5  6  7  8  9 10 11 12 13 14 15 |
---------------+----------------------------------------------+-----
Fighting       | 4 5 6 8 9 11 12 13 15 16 | 16.1
Shields        | 4 5 6 8 9 10 12 13 14 | 14.5
Armour         | 4 5 6 8 9 10 12 13 14 | 14.5
Maces & Flails | 3 4 5 7 8 9 11 12 13 | 13.2

Action                   |  1- 3 |  4- 6 |  7- 9 | 10-12 | 13-15 || total
-------------------------+-------+-------+-------+-------+-------++-------
Melee: Flail             |   111 |   128 |   467 |   111 |       ||   817
       Morningstar       |       |       |       |   903 |   268 ||  1171
       Eveningstar       |       |       |       |       |   464 ||   464
Throw: Dart              |       |       |    17 |    42 |     5 ||    64
Invok: Heroism           |       |       |       |    16 |    10 ||    26
       Finesse           |       |       |       |       |     2 ||     2
  Use: Scroll            |       |    10 |     5 |     5 |    10 ||    30
       Potion            |       |       |     2 |     7 |     6 ||    15
Armor: Scale mail        |    73 |    27 |       |       |       ||   100
       Chain mail        |       |    56 |   335 |       |       ||   391
       Crystal plate arm |       |       |    56 |  1037 |   509 ||  1602
Dodge: Dodged            |    42 |    54 |   154 |   305 |   323 ||   878
Block: Buckler           |    22 |    28 |    99 |   316 |   234 ||   699

Table legend: (Time is in decaauts)
 A = Elapsed time spent in this place.
 B = Non-inter-level travel time spent in this place.
 C = Inter-level travel time spent in this place.
 D = Time resting spent in this place.
 E = Time spent auto-exploring this place.
 F = Levels seen in this place.
 G = Mean time per level.
                   A        B        C        D        E       F      G
               +--------+--------+--------+--------+--------+-----+--------+
         Total |  19298 |  18459 |    839 |   3429 |   9842 |  20 |  964.9 |
       Dungeon |  10695 |  10229 |    466 |   1932 |   5627 |  10 | 1069.5 |
        Temple |    112 |     70 |     42 |      0 |     61 |   1 |  112.0 |
          Lair |   6727 |   6409 |    318 |    722 |   3925 |   5 | 1345.4 |
  Orcish Mines |    556 |    544 |     12 |    224 |    136 |   2 |  278.0 |
         Sewer |    168 |    168 |      0 |     33 |     53 |   1 |  168.0 |
        Bailey |   1037 |   1037 |      0 |    518 |     39 |   1 | 1037.0 |
               +--------+--------+--------+--------+--------+-----+--------+

Top non-repeatable levels by time:
  Lair:5: 2138 daAuts
     D:9: 1661 daAuts
     D:5: 1491 daAuts
  Lair:1: 1327 daAuts
     D:8: 1252 daAuts
  Lair:2: 1206 daAuts
  Lair:3: 1203 daAuts
     D:4: 1178 daAuts
     D:6: 1102 daAuts
  Bailey: 1037 daAuts
     D:7: 953 daAuts
    D:10: 874 daAuts
     D:3: 860 daAuts
  Lair:4: 851 daAuts
     D:1: 797 daAuts
